 Dungeon Crawl Stone Soup version 0.26-a0-504-g0cf647090d (webtiles) character file.

Game seed: 4340727563288126576

16 Ge0ff the Ruffian (level 2, 0/23 HPs)
             Began as a Barachi Warper on Aug 8, 2020.
             Succumbed to a kobold's poison
             ... on level 3 of the Dungeon.
             The game lasted 00:02:07 (296 turns).

Ge0ff the Ruffian (Barachi Warper)                   Turns: 296, Time: 00:02:07

Health: 0/23       AC:  5    Str: 10 (12) XL:     2   Next: 58%
Magic:  5/5        EV: 10    Int: 12 (13) God:
Gold:   4          SH:  0    Dex:  9 (11) Spells: 5/5 levels left

rFire    + . .     SeeInvis .     - Unarmed
rCold    . . .     Faith    .   (no shield)
rNeg     . . .     Spirit   .   E - +0 ring mail {rF+}
rPois    .         Reflect  .   (no helmet)
rElec    .         Harm     .   (no cloak)
rCorr    .                      (no gloves)
MR       .....                  (no boots)
Stlth    ..........             (no amulet)
HPRegen  0.07/turn              (no ring)
MPRegen  0.09/turn              (no ring)

@: lethally poisoned (0 -> -6), flying, slow
A: +LOS, swims, slowness 1, strong legs 1
a: Hop


You were on level 3 of the Dungeon.
You visited 1 branch of the dungeon, and saw 3 of its levels.

You collected 4 gold pieces.

Inventory:

Hand Weapons
 K - a +0 dagger of venom {don't train}
Missiles
 d - 5 boomerangs of dispersal (quivered) {don't train}
Armour
 E - a +0 ring mail of fire resistance (worn)
Jewellery
 F - an uncursed ring of fire
Scrolls
 B - a scroll of blinking
 C - 2 scrolls of identify {unknown}
 D - a scroll of remove curse {unknown}
 G - a scroll of teleportation {unknown}
 J - a scroll of fear {unknown}


   Skills:
 + Level 2.5 Fighting
 - Level 1.0 Throwing
 - Level 1.2 Armour
 - Level 2.1 Dodging
 + Level 3.3 Unarmed Combat
 - Level 2.1 Spellcasting
   Level 3.2 Translocations


You had 5 spell levels left.
You didn't know any spells.
Your spell library contained the following spells:

 Spells                   Type           Power        Failure   Level
 Blink                    Tloc           N/A          26%         2
 Gell's Gravitas          Tloc           #.........   45%         3
 Lesser Beckoning         Tloc           #.........   45%         3
 Teleport Other           Tloc           #.......     45%         3
 Passage of Golubria      Tloc           N/A          86%         4


Dungeon Overview and Level Annotations

Branches:
Dungeon (3/15)

Altars:


Innate Abilities, Weirdness & Mutations

You can be seen from farther away. (+LOS)
You can swim through water.
You cover ground slowly.
You can hop short distances.


Message History

* * * LOW HITPOINT WARNING * * *
You feel sick.
* * * LOW HITPOINT WARNING * * *
You feel sick.
* * * LOW HITPOINT WARNING * * *
You feel sick.
You reach down and open the door.
A rat comes into view.
* * * LOW HITPOINT WARNING * * *
You feel sick.
Found a curved jewelled staff.
The rat bites you.
* * * LOW HITPOINT WARNING * * *
There is an open door here.
You hit the rat.
You kill the rat!
* * * LOW HITPOINT WARNING * * *
You feel sick.
You see here a rat corpse.
You die...

.. #.# ##+# #.#
##...# #.#
##.....## ###.#
##.......## ##.#.#
#.......@†####....#
+.........'.......#
#.........####.†..#
##..|....##
###.#.####
##.....##
#........# ##...#
#.###.##.# ##+#
#.###.# # # #...#
#<###


There were no monsters in sight!

Vanquished Creatures
  An orc (D:2)
  3 goblins (D:1)
  A hobgoblin (D:1)
  2 jackals (D:1)
  2 kobolds
  A ball python (D:1)
  A bat (D:1)
  3 rats
14 creatures vanquished.

Notes
Turn   | Place    | Note
-------+----------+-------------------------------------------
     0 | D:1      | Ge0ff the Barachi Warper began the quest for the Orb.
     0 | D:1      | Reached XP level 1. HP: 17/17 MP: 3/3
   145 | D:1      | Reached XP level 2. HP: 16/23 MP: 5/5
   294 | D:3      | HP: 1/23 [poisoned by a kobold]
   296 | D:3      | Succumbed to a kobold's poison

Illustrated notes

Levels and vault maps discovered:
D:1:      lemuel_arrival_behind_the_door_small, layout_loops_ring, serial_glass,
          glass_columns_b, glass_columns_a, glass_columns_b
D:2:      layout_basic
D:3:      layout_loops_corners, uniq_grinder, uniq_crazy_yiuf_cottage

Skill      XL: |  1 |
---------------+----+-----
Unarmed Combat | 3 |  3.3
Fighting       | |  2.5
Throwing       | |  1.0
Armour         | |  1.2
Dodging        | |  2.1
Spellcasting   | |  2.1
Translocations | |  3.2

Action                   || total
-------------------------++-------
Melee: Unarmed           ||    45
       Punch             ||     1
  Use: Potion            ||     2
Armor: Ring mail         ||    15
Dodge: Dodged            ||    28

Table legend: (Time is in decaauts)
 A = Elapsed time spent in this place.
 B = Non-inter-level travel time spent in this place.
 C = Inter-level travel time spent in this place.
 D = Time resting spent in this place.
 E = Time spent auto-exploring this place.
 F = Levels seen in this place.
 G = Mean time per level.
                   A        B        C        D        E       F      G
               +--------+--------+--------+--------+--------+-----+--------+
         Total |    336 |    336 |      0 |      0 |      0 |   3 |  112.0 |
       Dungeon |    336 |    336 |      0 |      0 |      0 |   3 |  112.0 |
               +--------+--------+--------+--------+--------+-----+--------+

Top non-repeatable levels by time:
     D:1: 244 daAuts
     D:2: 62 daAuts
     D:3: 28 daAuts
